 Dungeon Crawl Stone Soup version 0.24.0-2-g5b39cebb1c (webtiles) character file.

Game seed: 15444383267179723337, levelgen mode: deterministic

114 Mrkan the Ruffian (level 4, 0/45 HPs)
             Began as a Troll Monk on Oct 29, 2019.
             Slain by a hippogriff (6 damage)
             ... on level 3 of the Dungeon.
             The game lasted 00:03:25 (1515 turns).

Mrkan the Ruffian (Troll Monk)                      Turns: 1515, Time: 00:03:25

Health: 0/45       AC:  6    Str: 19    XL:     4   Next: 66%
Magic:  3/3        EV: 10    Int:  7    God:
Gold:   82         SH:  0    Dex: 12    Spells: 3/3 levels left

rFire    . . .     SeeInvis .     - Unarmed
rCold    . . .     Gourm    +   (no shield)
rNeg     . . .     Faith    .   a - +0 robe
rPois    .         Spirit   .   (helmet restricted)
rElec    .         Reflect  .   (no cloak)
rCorr    .         Harm     .   (gloves unavailable)
MR       .....                  (boots unavailable)
Stlth    ++........             (no amulet)
HPRegen  0.55/turn              (no ring)
MPRegen  0.08/turn              (no ring)

@: no status effects
A: large, unfitting armour, claws 3, fast metabolism 3, gourmand, regeneration
1, shaggy fur 1, tough skin 3
a: no special abilities


You were on level 3 of the Dungeon.
You were completely stuffed.

You visited 1 branch of the dungeon, and saw 3 of its levels.

You collected 82 gold pieces.

Inventory:

Missiles
 q - 5 large rocks (quivered)
Armour
 a - a +0 robe (worn)
Scrolls
 c - 9 scrolls of remove curse {unknown}
 g - 2 scrolls of identify {unknown}
 h - 2 scrolls of teleportation {unknown}
 i - a scroll of enchant armour {unknown}
 n - a scroll of amnesia {unknown}
 o - a scroll of enchant weapon {unknown}
Potions
 d - 2 potions of heal wounds
 e - a potion of lignification {unknown}
 f - a potion of agility {unknown}
 j - a potion of curing {unknown}
 k - a potion of invisibility {unknown}
 m - a potion of cancellation {unknown}
 p - a potion of resistance {unknown}
Comestibles
 b - 7 rations
 l - 11 chunks of flesh


   Skills:
 + Level 3.2 Fighting
 - Level 2.4 Dodging
 - Level 1.0 Stealth
 * Level 4.8 Unarmed Combat


You had 3 spell levels left.
You didn't know any spells.
Your spell library was empty.

Dungeon Overview and Level Annotations

Branches:
Dungeon (3/15)

Altars:


Innate Abilities, Weirdness & Mutations

You are too large for most types of armour.
You have claws for hands.
Your metabolism is lightning-fast.
You like to eat raw meat.
Your natural rate of healing is unusually fast.
You are covered in fur. (AC +1)
You have extremely tough skin. (AC +3)


Message History

The hippogriff is heavily wounded.
The hippogriff barely misses you.
The hippogriff pecks you but does no damage.
The hippogriff claws you!
* * * LOW HITPOINT WARNING * * *
You claw the hippogriff!
The hippogriff is severely wounded.
The hippogriff closely misses you. The hippogriff barely misses you.
The hippogriff claws you.
* * * LOW HITPOINT WARNING * * *
It was a potion of heal wounds.
You feel much better. The hippogriff bites you. The hippogriff pecks you!
The hippogriff claws you but does no damage.
There is a stone staircase leading up here.
The hippogriff bites you!
* * * LOW HITPOINT WARNING * * *
The hippogriff pecks you.
* * * LOW HITPOINT WARNING * * *
The hippogriff claws you.
You die...

.. .#
.. ##
.# #.
.#. #.#
####S##
#...H.#
#...@.#
#.....#
##.####
#. #.
.. #


You could see a hippogriff and a ball python.

Vanquished Creatures
  6 adders (D:2)
  A worm (D:2)
  2 leopard geckos (D:2)
  A giant cockroach (D:2)
  9 goblins
  6 hobgoblins
  10 jackals
  3 kobolds (D:1)
  A quokka (D:2)
  3 bats
  2 frilled lizards (D:2)
  8 rats
52 creatures vanquished.

Notes
Turn   | Place    | Note
-------+----------+-------------------------------------------
     0 | D:1      | Mrkan the Troll Monk began the quest for the Orb.
     0 | D:1      | Reached XP level 1. HP: 22/22 MP: 0/0
   302 | D:1      | Reached XP level 2. HP: 29/29 MP: 1/1
   751 | D:2      | Reached XP level 3. HP: 29/36 MP: 2/2
   779 | D:2      | Reached skill level 4 in Unarmed Combat
   944 | D:2      | Reached XP level 4. HP: 45/45 MP: 3/3
  1500 | D:3      | Noticed a hippogriff
  1515 | D:3      | Slain by a hippogriff

Levels and vault maps discovered:
D:1:      dpeg_arrival_concentric_ovals, layout_basic
D:2:      kennysheep_the_goblin_king, layout_basic
D:3:      layout_loops_cross, lemuel_coloured_pillars_altar

Skill      XL: |  1  2  3 |
---------------+----------+-----
Unarmed Combat | 4 |  4.8
Fighting       | 3 |  3.2
Dodging        | |  2.4
Stealth        | |  1.0

Action                   |  1- 3 |  4- 6 || total
-------------------------+-------+-------++-------
Melee: Unarmed           |    79 |    57 ||   136
  Use: Potion            |       |     1 ||     1
 Stab: Sleeping          |     1 |     1 ||     2
  Eat: Chunk             |    14 |     5 ||    19
Armor: Robe              |    30 |    34 ||    64
Dodge: Dodged            |    53 |    52 ||   105
